 Dungeon Crawl Stone Soup version 0.30-a0-743-gbfdf073431 (webtiles) character file.

Game seed: 12160478891913784441

44097 browni3141 the Basher (level 13, -7/95 HPs)
             Began as a Mummy Cinder Acolyte on Feb 6, 2023.
             Was an Initiate of Ignis.
             Mangled by a cane toad (10 damage)
             ... on level 5 of the Lair of Beasts on Feb 7, 2023.
             The game lasted 00:45:26 (22783 turns).

browni3141 the Basher (Mummy Cinder Acolyte)       Turns: 22783, Time: 00:45:26

Health: -7/95      AC: 31    Str: 26    XL:     13   Next: 94%
Magic:  19/19      EV:  5    Int: 16    God:    Ignis [......]
Gold:   1212       SH:  8    Dex:  7    Spells: 13/20 levels left

rFire   + + .      SeeInvis .    b - +6 morningstar
rCold   + + .      Faith    +    Q - +0 buckler
rNeg    + + +      Spirit   .    S - +4 gold dragon scales
rPois   ∞          Reflect  +    z - +0 helmet
rElec   .          Harm     .    O - +2 cloak
rCorr   .          Rampage  .    e - +0 pair of gloves
Will    +....                    Y - +1 pair of boots Stlth
                                 f - amulet of reflection
HPRegen 0.35/turn                D - +6 ring of strength
MPRegen 0.16/turn                T - ring of protection from fire

@: about to teleport
A: cold resistance 1, negative energy resistance 3, torment resistance 2, heat
vulnerability 1, in touch with death 2, no potions, faith
a: Renounce Religion, Rising Flame


You were on level 5 of the Lair of Beasts.
You worshipped Ignis.
Ignis was noncommittal.
You visited 2 branches of the dungeon, and saw 16 of its levels.

You collected 1652 gold pieces.
You spent 440 gold pieces at shops.

Inventory:

Hand Weapons
 a - a -1 hand axe of flaming
 b - a +6 morningstar (weapon)
 c - a +0 club
 w - a +0 mace
Missiles
 k - 8 boomerangs
 p - 4 curare-tipped darts
 r - 10 javelins
 v - 13 atropa-tipped darts
 y - 7 poisoned darts (quivered)
Armour
 d - a +0 ring mail
 e - a +0 pair of gloves (worn)
 z - a +0 helmet (worn)
 B - a +2 leather armour of cold resistance
 M - a +0 robe
 O - a +2 cloak (worn)
 Q - a +0 buckler (worn)
 S - +4 gold dragon scales (worn)
 Y - a +1 pair of boots (worn)
Magical Staves
 u - a staff of cold
Jewellery
 f - an amulet of reflection (around neck)
 l - a ring of flight
 m - a +5 ring of evasion
 s - an amulet of guardian spirit
 A - a ring of fire
 D - a +6 ring of strength (left hand)
 E - a +6 ring of strength
 G - a +6 ring of dexterity
 P - a ring of ice
 T - a ring of protection from fire (right hand)
 U - a ring of see invisible
Wands
 h - a wand of polymorph (10)
 x - a wand of flame (13)
 I - a wand of light (2)
 J - a wand of paralysis (17)
 K - a wand of mindburst (2)
 W - a wand of digging (2)
Scrolls
 g - a scroll of silence
 i - 4 scrolls of poison
 j - a scroll of torment
 n - a scroll of immolation
 o - a scroll of magic mapping {unknown}
 q - 2 scrolls of teleportation
 t - 2 scrolls of noise
 C - 3 scrolls of fog
 H - 4 scrolls of amnesia
 L - a scroll of blinking {unknown}
 N - a scroll of brand weapon {unknown}
 R - a scroll of fear {unknown}
 V - a scroll of vulnerability {unknown}
 X - a scroll of identify


   Skills:
 + Level 6.9 Fighting
 - Level 2.4(8.4) Axes
 * Level 12.5(12.6) Maces & Flails
 - Level 2.0 Throwing
 * Level 12.1 Armour
 - Level 2.0 Shields
 - Level 4.0 Spellcasting
 - Level 8.0 Necromancy
 - Level 3.0 Fire Magic
 - Level 6.0 Evocations


You had 13 spell levels left.
You knew the following spells:

 Your Spells              Type           Power      Damage    Failure   Level
a - Scorch                Fire           24%        2d6       97%         2
b - Kiss of Death         Conj/Necr      100%       2d13      80%         1
c - Dispel Undead         Necr           59%        3d21      95%         4

Your spell library contained the following spells:

 Spells                   Type           Power      Damage    Failure   Level
 Blink                    Tloc           6%         N/A       100%        2
 Ensorcelled Hibernation  Hex/Ice        6%         N/A       100%        2
 Lesser Beckoning         Tloc           6%         N/A       100%        2
 Call Canine Familiar     Summ           3%         N/A       100%        3
 Confusing Touch          Hex            3%         N/A       100%        3
 Gell's Gravitas          Tloc           3%         N/A       100%        3
 Portal Projectile        Hex/Tloc       6%         N/A       100%        3
 Teleport Other           Tloc           3%         N/A       100%        3
 Leda's Liquefaction      Hex/Erth       1%         N/A       100%        4
 Manifold Assault         Tloc           3%         N/A       100%        4
 Petrify                  Tmut/Erth      3%         N/A       100%        4
 Metabolic Englaciation   Hex/Ice        1%         N/A       100%        5
 Silence                  Hex/Air        1%         N/A       100%        5
 Yara's Violent Unravell  Hex/Tmut       1%         3d3       100%        5
 Chain Lightning          Conj/Air       1%         3d2       100%        9
 Fire Storm               Conj/Fire      4%         8d1       100%        9
 Shatter                  Erth           1%         3d6*      100%        9
 Statue Form              Tmut/Erth      Unusable   N/A       N/A         6
 Storm Form               Tmut/Air       Unusable   N/A       N/A         7

Dungeon Overview and Level Annotations

Branches:
Dungeon (11/15)            Temple (0/1) D:4            Lair (5/5) D:11
  Swamp (0/4) Lair:3       Spider (0/4) Lair:2        Slime (0/5) Lair:4
    Orc (0/2) D:9

Altars:
Ashenzari
Gozag
Makhleb
Ru
Uskayaw
Wu Jian
Xom
Yredelemnul

Shops:
D:2 =

Annotations:
D:8 1 runed translucent door, avis's ghost, novice DgHu
Lair:1 3 runed translucent doors, Splishie's ghost, novice GnWn
Lair:5 Rupert


Innate Abilities, Weirdness & Mutations

You are immune to poison.
Your flesh is cold resistant. (rC+)
You are immune to negative energy. (rN+++)
You are immune to unholy pain and torment.
You are vulnerable to heat. (rF-)
You are strongly in touch with the powers of death.
You do not drink.
You have a special connection with the divine. (Faith)


Message History

A yak comes into view. x2
The cane toad stings you.
* * * LOW HITPOINT WARNING * * *
You hear a bleat!
Unknown command.
As you read the scroll of teleportation, it crumbles to dust.
You feel strangely unstable.
The bullfrog gives a loud, deep croak!
You hear an angry buzzing noise.
A blink frog comes into view.
The bullfrog releases a deep croak.
The cane toad stings you but does no damage.
You block the cane toad's attack.
You hear a bellow!
Aiming: Bolt of Light
Press: ? - help, Shift-Dir - straight line, f - tyrant leech
Aim: a tyrant leech (57% to hit)
The bolt of light hits the tyrant leech!
The tyrant leech is moderately wounded.
The tyrant leech is blinded.
The bolt of light hits the vampire mosquito!
The vampire mosquito is moderately damaged.
The vampire mosquito is blinded.
The tyrant leech closely misses you.
The cane toad stings you but does no damage. x2
Aiming: Bolt of Light
Press: ? - help, Shift-Dir - straight line, f - vampire mosquito, p - tyrant leech
Aim: a vampire mosquito (57% to hit)
The bolt of light hits the cane toad!!
The cane toad is severely wounded.
The cane toad is blinded.
The bolt of light hits the cane toad!!
The cane toad is severely wounded.
The cane toad is blinded.
The bolt of light hits the vampire mosquito!!
The vampire mosquito is severely damaged.
The vampire mosquito is blinded.
The cane toad is no longer blind.
A vampire mosquito comes into view.
A blink frog comes into view.
The cane toad stings you.
* * * LOW HITPOINT WARNING * * *
A yak comes into view.
The cane toad stings you!
You die...

.~YYY≈~≈F≈~~~≈
.Y≈≈≈≈~≈~~P~~
.Y~Y~≈~~~~~.
~.Y~≈~~~~~F
..~≈Y~≈~y~
..~~~Y~yF
#.~~≈≈Fw#
#@######~P
####FFy~~~~~
#P.FhFF~~~#~
#..≈~~~~~~~~≈#
#~..≈~~~~~≈~##
#.P...~~≈~~##
........~~~~~
...~~......~~~
......~..P.P.P.


You could see a tyrant leech (blind), a polar bear (paralysed), 9 yaks, 4 cane
toads, 2 blink frogs, 3 vampire mosquitoes and 2 bullfrogs.

Vanquished Creatures
  4 hydras
  2 two-headed ogres
  A boulder beetle (Lair:4)
  2 goliath frogs (Lair:5)
  A lindwurm (Lair:4)
  3 cyclopes (D:11)
  6 elephants
  2 manticores (D:11)
  6 black mambas
  A torpor snail (Lair:4)
  15 cane toads
  An unseen horror (D:11)
  2 rime drakes
  9 komodo dragons
  A troll (D:9)
  3 polar bears
  A meliai (Lair:2)
  A tyrant leech (Lair:5)
  7 dream sheep (Lair:3)
  4 hornets (Lair:1)
  25 blink frogs
  2 shadows
  A vampire (D:10)
  6 wyverns
  54 yaks
  A steam dragon (D:7)
  Eustachio (D:4)
  6 basilisks
  2 vampire mosquitoes (Lair:5)
  Menkaure (D:4)
  Duvessa (D:4)
  2 acid dragons (D:11)
  6 water moccasins
  2 ice beasts
  5 orc warriors
  2 black bears (D:11)
  An ogre (D:4)
  4 boggarts (Lair:4)
  2 centaurs
  10 wolves
  12 bullfrogs
  A scorpion (D:6)
  9 wights
  Dowan (D:4)
  8 killer bees
  3 howler monkeys (D:8)
  An electric eel (Lair:2)
  4 orc priests
  5 hounds
  18 jellies
  5 iguanas
  Jessica (D:3)
  13 orc wizards
  Robin (D:3)
  10 adders
  A shadow imp (D:7)
  2 white imps (D:6)
  4 worms
  A dart slug (D:2)
  37 orcs
  7 endoplasms
  2 giant cockroaches
  13 goblins
  10 hobgoblins
  2 jackals (D:5)
  4 kobolds
  4 quokkas
  4 ball pythons
  5 bats
  4 frilled lizards
  5 rats
403 creatures vanquished.

Vanquished Creatures (collateral kills)
  7 foxfires (D:6)
7 creatures vanquished.

Vanquished Creatures (others)
  44 foxfires
  28 fungi
  82 plants
154 creatures vanquished.

Grand Total: 564 creatures vanquished

Notes
Turn   | Place    | Note
-------+----------+-------------------------------------------
     0 | D:1      | browni3141 the Mummy Cinder Acolyte began the quest for the
                  | Orb.
     0 | D:1      | Reached XP level 1. HP: 18/18 MP: 2/2
   415 | D:1      | Reached skill level 1 in Maces & Flails
   581 | D:1      | Reached XP level 2. HP: 21/24 MP: 4/4
   584 | D:1      | Learned a level 2 spell: Scorch
  1327 | D:2      | Gained mutation: You are in touch with the powers of death.
                  | [Mummy growth]
  1327 | D:2      | Reached XP level 3. HP: 19/29 MP: 5/5
  1464 | D:2      | Reached skill level 1 in Evocations
  1771 | D:2      | Found Kaceyfes's Jewellery Shoppe.
  2244 | D:3      | Reached XP level 4. HP: 35/35 MP: 6/6
  2269 | D:3      | Noticed Robin
  2334 | D:3      | Reached skill level 1 in Throwing
  2336 | D:3      | Killed Robin
  2557 | D:3      | Learned a level 1 spell: Kiss of Death
  2727 | D:3      | Noticed Jessica
  2760 | D:3      | Killed Jessica
  2761 | D:3      | Reached XP level 5. HP: 17/41 MP: 7/7
  2914 | D:3      | Got Jessica's Tome of Curses
  3054 | D:4      | Found a staircase to the Ecumenical Temple.
  3138 | D:4      | Got the Handbook of Flaming Doom
  3143 | D:4      | You fall into a shaft and drop 2 floors!
  3191 | D:6      | Reached skill level 1 in Necromancy
  3277 | D:6      | Reached XP level 6. HP: 20/47 MP: 0/10
  3538 | D:6      | HP: 2/47 [something/puff of flame (5)]
  4034 | D:5      | Entered Level 5 of the Dungeon
  4034 | D:5      | Found a basalt altar of Yredelemnul.
  4068 | D:4      | Reached XP level 7. HP: 7/52 MP: 11/11
  4285 | D:4      | Noticed Dowan
  4285 | D:4      | Noticed Duvessa
  4300 | D:4      | Killed Duvessa
  4304 | D:4      | Noticed Eustachio
  4308 | D:4      | Noticed Menkaure
  4311 | D:4      | Killed Dowan
  4312 | D:4      | Reached skill level 5 in Necromancy
  4315 | D:4      | Killed Menkaure
  4333 | D:4      | Killed Eustachio
  4640 | D:4      | Reached skill level 5 in Maces & Flails
  4640 | D:4      | Reached XP level 8. HP: 34/58 MP: 12/12
  5101 | D:5      | Found an ornate altar of the Wu Jian Council.
  5591 | D:5      | Learned a level 4 spell: Dispel Undead
  5835 | D:5      | Found a hide-covered altar of Uskayaw.
  5835 | D:5      | Found a shimmering altar of Xom.
  5966 | D:5      | Found a burning altar of Makhleb.
  5967 | D:5      | Noticed an angel
  5967 | D:5      | Noticed a balrug
  7309 | D:7      | Found an opulent altar of Gozag.
  7670 | D:8      | Noticed avis's ghost (novice DgHu)
  7704 | D:8      | Found a runed translucent door.
  7721 | D:8      | Noticed a two-headed ogre
  7839 | D:8      | Reached XP level 9. HP: 32/63 MP: 8/15
  8119 | D:8      | Killed a two-headed ogre
  8120 | D:8      | Reached skill level 5 in Evocations
  8666 | D:8      | Found a broken altar of Ashenzari.
  9356 | D:8      | Reached XP level 10. HP: 39/64 MP: 3/16
 10210 | D:9      | Found a staircase to the Orcish Mines.
 10633 | D:9      | Reached skill level 1 in Shields
 11051 | D:10     | Entered Level 10 of the Dungeon
 11194 | D:10     | Reached skill level 1 in Armour
 11651 | D:10     | HP: 3/71 [something (6)]
 11996 | D:11     | Noticed a manticore
 12004 | D:11     | Killed a manticore
 12312 | D:2      | Bought a ring of protection from fire for 275 gold pieces
 12312 | D:2      | Bought a ring of see invisible for 165 gold pieces
 12538 | D:11     | Noticed a cyclops
 12561 | D:11     | Killed a cyclops
 12562 | D:11     | Reached XP level 11. HP: 23/77 MP: 17/17
 13283 | D:11     | Noticed a two-headed ogre
 13293 | D:11     | Killed a two-headed ogre
 13294 | D:11     | Reached skill level 5 in Armour
 13782 | D:11     | Found a staircase to the Lair.
 14205 | Lair:1   | Entered Level 1 of the Lair of Beasts
 14492 | Lair:1   | Reached skill level 10 in Maces & Flails
 14693 | Lair:1   | Reached skill level 5 in Fighting
 15221 | Lair:1   | Reached XP level 12. HP: 49/86 MP: 18/18
 16034 | Lair:1   | Found a runed translucent gate.
 16034 | Lair:1   | Noticed Splishie's ghost (novice GnWn)
 16035 | Lair:1   | Found a runed translucent gate.
 16036 | Lair:1   | Found a runed translucent gate.
 16152 | Lair:1   | Identified a scroll of acquirement
 16153 | Lair:1   | Acquired 648 gold pieces
 17812 | Lair:2   | Found a hole to the Spider Nest.
 18263 | Lair:2   | Found a hole to the Spider Nest.
 19003 | Lair:2   | Found a hole to the Spider Nest.
 19764 | Lair:3   | Noticed a five-headed hydra
 19775 | Lair:3   | Killed a one-headed hydra
 19939 | Lair:3   | Gained mutation: You are strongly in touch with the powers
                  | of death. [Mummy growth]
 19939 | Lair:3   | Reached XP level 13. HP: 78/93 MP: 19/19
 20244 | Lair:3   | Found a staircase to the Swamp.
 20559 | Lair:4   | Reached skill level 10 in Armour
 20832 | Lair:4   | HP: 4/93 [blink frog (8)]
 21266 | Lair:4   | HP: 4/93 [acid (9)]
 21662 | Lair:4   | Found a sacrificial altar of Ru.
 21740 | Lair:4   | Found a staircase to the Slime Pits.
 22481 | Lair:4   | Identified the +0 chain mail of Sif Muna's Whim {rC+ Regen+
                  | Dex-2}
 22667 | Lair:5   | Entered Level 5 of the Lair of Beasts
 22760 | Lair:5   | Noticed Rupert
 22783 | Lair:5   | HP: 3/95 [cane toad (3)]
 22783 | Lair:5   | Mangled by a cane toad

Illustrated notes

Levels and vault maps discovered:
D:1:      evilmike_arrival_crescent, layout_basic
D:2:      layout_loops_corners, serial_shops, nicolae_shop_crystal,
          hangedman_decor_push, minmay_pentomino_s4
D:3:      layout_basic, kennysheep_jessica_study, uniq_robin
D:4:      layout_loops_ring, minmay_temple_entry_gardened_gates, uniq_duvessa,
          uniq_menkaure, uniq_eustachio
D:5:      layout_cave_pods, grunt_temple_overflow_order_and_chaos_2,
          old_standard_altar, gammafunk_temple_overflow_forgotten,
          mainiacjoe_overflow_tiny_flanked
D:6:      layout_cave_pods, serial_park, serial_park_paths
          [serial_park_minivault_5x5_7], serial_park_tiny_pond,
          serial_park_square2, serial_park_gazebo [serial_park_minivault_5x5_3]
D:7:      layout_basic, amcnicky_altar_gilded, minivault_27
D:8:      layout_basic, nicolae_ashenzari_skybound, old_standard_altar,
          hellmonk_ghost_happy_afterlife
D:9:      layout_rooms, serial_corexii_hall, corexii_hall_statues_u,
          corexii_hall_statues_s, chequers_hall_statues_corner_a
D:10:     layout_long_grid
D:11:     layout_loops_ring, david_lair_generic
Lair:1:   layout_cave_pods, gammafunk_ghost_split, dreamdust_wasp_nest,
          infiniplex_staircase_pool, grunt_megastairs_2
Lair:2:   layout_regular_city, hellmonk_spider_entry_not_the_bees,
          grunt_megastairs_3, serial_bayou_shore_b, serial_bayou_shore_a
Lair:3:   layout_regular_city, swamp_mist_pool, beast_lair_carwin_6,
          grunt_megastairs_1
Lair:4:   cheibrodos_lair_river_kwai, layout_loops_ring,
          minmay_slime_entry_jelly_boxes, basic_altar, st_stairs_7,
          kilobyte_rumbling_trees
Lair:5:   minmay_lair_end_frog_pond, layout_big_grid,
          chequers_serial_rivers_room_b, uniq_rupert

Skill      XL: |  1  2  3  4  5  6  7  8  9 10 11 12 13 |
---------------+----------------------------------------+-----
Maces & Flails | 1 2 5 6 9 10 11 12 | 12.5
Evocations     | 1 2 6 |  6.0
Throwing       | 1 2 |  2.0
Spellcasting   | 3 4 |  4.0
Necromancy     | 2 4 5 7 8 |  8.0
Fire Magic     | 3 |  3.0
Fighting       | 4 5 6 |  6.9
Shields        | 2 |  2.0
Armour         | 3 7 9 12 | 12.1
Axes           | |  2.4

Action                     |  1- 3 |  4- 6 |  7- 9 | 10-12 | 13-15 || total
---------------------------+-------+-------+-------+-------+-------++-------
  Melee: Club              |   255 |   241 |    10 |       |       ||   506
         Hand axe          |     7 |       |       |     6 |    26 ||    39
         Punch             |     1 |     5 |     3 |       |       ||     9
         Mace              |       |       |   271 |     4 |       ||   275
         Morningstar       |       |       |       |   672 |   269 ||   941
  Throw: Boomerang         |       |    14 |     2 |    18 |       ||    34
         Dart              |       |     5 |     8 |    89 |    12 ||   114
   Cast: Scorch            |     7 |     5 |    77 |    61 |       ||   150
         Kiss of Death     |       |       |     2 |       |       ||     2
 Invoke: Fiery Armour      |       |     3 |     2 |     2 |     1 ||     8
         Foxfire Swarm     |       |     3 |       |       |       ||     3
  Evoke: Wand              |       |       |    10 |    20 |    23 ||    53
    Use: Scroll            |       |       |     3 |    15 |     6 ||    24
   Stab: Invisible         |       |       |     1 |     2 |     1 ||     4
         Paralysed         |       |       |       |     6 |       ||     6
 Armour: Ring mail         |    91 |    98 |    21 |       |       ||   210
         Robe              |    16 |       |       |       |       ||    16
         Leather armour    |       |       |    56 |    27 |       ||    83
         Gold dragon scale |       |       |       |   437 |   283 ||   720
  Dodge: Dodged            |   165 |   250 |   212 |   174 |    86 ||   887
  Block: Other             |    34 |    91 |    68 |    13 |       ||   206
         Reflection        |     1 |     1 |     2 |     4 |       ||     8
         Buckler           |       |       |       |   264 |   136 ||   400

Table legend: (Time is in decaauts)
 A = Elapsed time spent in this place.
 B = Non-inter-level travel time spent in this place.
 C = Inter-level travel time spent in this place.
 D = Time resting spent in this place.
 E = Time spent auto-exploring this place.
 F = Levels seen in this place.
 G = Mean time per level.
                   A        B        C        D        E       F      G
               +--------+--------+--------+--------+--------+-----+--------+
         Total |  22981 |  21921 |   1060 |   3936 |  13853 |  16 | 1436.3 |
       Dungeon |  14361 |  13485 |    876 |   2307 |   8439 |  11 | 1305.5 |
          Lair |   8619 |   8435 |    184 |   1628 |   5413 |   5 | 1723.8 |
               +--------+--------+--------+--------+--------+-----+--------+

Top non-repeatable levels by time:
  Lair:2: 3336 daAuts
  Lair:1: 2151 daAuts
  Lair:4: 1999 daAuts
     D:8: 1997 daAuts
    D:11: 1678 daAuts
     D:2: 1344 daAuts
     D:5: 1329 daAuts
     D:6: 1327 daAuts
     D:9: 1273 daAuts
     D:7: 1254 daAuts
    D:10: 1132 daAuts
     D:4: 1126 daAuts
  Lair:3: 1083 daAuts
     D:1: 955 daAuts
     D:3: 942 daAuts
